 Dungeon Crawl Stone Soup version 0.18-a0-965-g9200175 (webtiles) character file.

751 graki42 the Sneak (level 7, -4/49 HPs)
             Began as an Octopode Abyssal Knight on Jan 1, 2016.
             Was a Priest of Lugonu.
             Slain by an ogre
             ... wielding a +0 giant club
              (19 damage)
             ... on level 6 of the Dungeon.
             The game lasted 00:19:17 (5657 turns).

graki42 the Sneak (Octopode Abyssal Knight)         Turns: 5657, Time: 00:19:17

Health: -4/49      AC:  4    Str: 16    XL:     7   Next: 78%
Magic:  19/19      EV: 14    Int: 20    God:    Lugonu [***...]
Gold:   208        SH:  0    Dex: 13    Spells: 0 memorised, 6 levels left

rFire  . . .     SeeInvis +     n - +1 rapier
rCold  . . .     Gourm    .     (no shield)
rNeg   . . .     Faith    .     l - +3 hat of Pondering {ponderous, MR+ MP+10 Int+5}
rPois  .         Spirit   .     (no amulet)
rElec  .         Dismiss  .     f - ring of see invisible
rCorr  .         Reflect  .     j - +5 ring of strength
SustAt .         Harm     .     (no ring)
MR     +....                    (no ring)
Stlth  ++........               (no ring)
                                (no ring)
                                (no ring)
                                (no ring)

@: confused, drained, slow, somewhat resistant to hostile enchantments,
unstealthy
A: almost no armour, amphibious, 8 rings, constrict 8, camouflage 1, gelatinous
body 1
a: Depart the Abyss, Bend Space, Banish, Renounce Religion


You were on level 6 of the Dungeon.
You worshipped Lugonu.
Lugonu was most pleased with you.
You were not hungry.

You visited 1 branch of the dungeon, and saw 6 of its levels.
You visited the Abyss 1 time.

You collected 208 gold pieces.

Inventory:

Hand Weapons
 n - a +1 rapier (weapon)
Armour
 l - the +3 hat of Pondering (worn) {ponderous, MR+ MP+10 Int+5}
   (You found it on level 4 of the Dungeon)

   It affects your intelligence (+5).
   It affects your resistance to hostile enchantments.
   It affects your magic capacity (+10).
Jewellery
 f - a ring of see invisible (left tentacle)
 j - a +5 ring of strength (right tentacle)
Wands
 k - a wand of frost (35/48)
Scrolls
 h - 2 scrolls of enchant armour
 o - a scroll of enchant weapon
 p - 3 scrolls of identify
Potions
 d - a potion of might
 e - 4 potions of curing
 i - 3 potions of lignification
 v - a potion of haste
Comestibles
 b - 5 bread rations
 c - 6 fruits
 q - 2 meat rations
 s - 2 royal jellies
 u - a slice of pizza


   Skills:
 + Level 4.4(4.0) Fighting
 + Level 2.8(2.3) Short Blades
 + Level 5.7(5.3) Dodging
 + Level 6.0(5.6) Stealth
 * Level 3.3(2.8) Invocations


You had 6 spell levels left.
You didn't know any spells.

Dungeon Overview and Level Annotations

Branches:
Dungeon (6/15)             Temple (0/1) D:5

Altars:
Ashenzari
Cheibriados
Dithmenos
Makhleb
Nemelex Xobeh
Pakellas
Sif Muna
Yredelemnul
The Shining One


Innate Abilities, Weirdness & Mutations

You cannot wear most types of armour.
You are amphibious.
You can wear up to eight rings at the same time.
You can use your tentacles to constrict eight enemies at once.
Your skin changes colour to match your surroundings (Stealth).
Your rubbery body absorbs attacks (AC +1).


Message History

You continue eating.
The ogre hits you with a giant club!
You continue eating.
The ogre closely misses you.
You finish eating.
That meat ration really hit the spot!
You hit the ogre.
The ogre is lightly wounded.
The ogre hits you with a giant club!
You barely miss the ogre. You squeeze the ogre.
The ogre is lightly wounded.
The ogre hits you with a giant club!
* * * LOW HITPOINT WARNING * * *
You hit the ogre.
The ogre is lightly wounded.
The orc wizard mumbles some strange words.
The orc wizard flickers and vanishes for a moment.
Drink which item? (? for menu, Esc to quit)
You are confused.
You feel invigorated. The ogre hits you with a giant club!!
You die...

######### #.......#
+.......# #.......#
#.......#
+#+######+###.......#
......##........@...# #
......#....(.##O######.###
......#+#....#.o.O.o..?...
......+ +..†.#............
......#+#....#........o...
..>...'......#............
......########............
......# #.......Z....
......# #............


You could see an ogre and an orc wizard (invisible).

Vanquished Creatures
  A scorpion (D:5)
  5 wights (D:6)
  A crimson imp (D:6)
  A hound (D:4)
  2 orc priests
  A jelly (D:5)
  2 orc wizards
  Ijyb (D:3)
  An iguana (D:5)
  3 worker ants (D:5)
  8 adders
  An ooze (D:2)
  An adder skeleton (D:4)
  A worm (D:3)
  6 giant geckos
  7 orcs
  3 ball pythons
  5 giant cockroaches
  6 goblins
  6 hobgoblins
  6 jackals
  3 kobolds
  3 quokkas
  9 bats
  5 giant newts
  8 rats
96 creatures vanquished.

Notes
Turn   | Place    | Note
--------------------------------------------------------------
     0 | Abyss:1  | graki42 the Octopode Abyssal Knight began the quest for the Orb.
     0 | Abyss:1  | Reached XP level 1. HP: 16/16 MP: 2/2
    33 | D:1      | Escaped the Abyss
   416 | D:1      | Reached XP level 2. HP: 19/21 MP: 3/3
   752 | D:1      | Reached ** piety under Lugonu
  1107 | D:2      | Reached XP level 3. HP: 21/26 MP: 4/4
  1485 | D:2      | Found an oddly glowing altar of Pakellas.
  1580 | D:2      | Reached skill level 1 in Stealth
  1600 | D:2      | Reached XP level 4. HP: 16/31 MP: 5/5
  1815 | D:2      | Found a deep blue altar of Sif Muna.
  1878 | D:2      | Found a glowing golden altar of the Shining One.
  2003 | D:2      | Found a burning altar of Makhleb.
  2050 | D:3      | Noticed Ijyb
  2057 | D:3      | Killed Ijyb
  2250 | D:3      | Found a snail-covered altar of Cheibriados.
  2607 | D:3      | Reached XP level 5. HP: 12/36 MP: 6/6
  2919 | D:3      | Found a basalt altar of Yredelemnul.
  3270 | D:3      | Reached skill level 4 in Dodging
  3779 | D:4      | Noticed a phantom
  4439 | D:4      | Reached XP level 6. HP: 41/43 MP: 7/7
  4453 | D:4      | Found a sparkling altar of Nemelex Xobeh.
  4470 | D:4      | Reached *** piety under Lugonu
  4519 | D:4      | Noticed a phantom
  4526 | D:5      | Entered Level 5 of the Dungeon
  4526 | D:5      | Found a staircase to the Ecumenical Temple.
  4750 | D:5      | Reached skill level 5 in Stealth
  4816 | D:5      | Reached skill level 5 in Dodging
  4816 | D:5      | Reached XP level 7. HP: 48/48 MP: 8/8
  4840 | D:5      | Found a shattered altar of Ashenzari.
  5339 | D:6      | Reached skill level 6 in Stealth
  5606 | D:6      | Found a shadowy altar of Dithmenos.
  5657 | D:6      | Slain by an ogre

Vault maps used:
D:1:      evilmike_arrival_rings
D:2:      lightli_temple_of_fire, grunt_pakellas_salt,
          lemuel_coloured_pillars_altar, lemuel_blue_sif_altar
D:3:      overflow_temple_1_default, overflow_temple_1_default, uniq_iyjb
D:4:      kennysheep_little_box, hex_tiny
D:5:      cheibrodos_ashenzari_chains, first_bread
D:6:      grunt_dithmenos_smoke, kennysheep_mini, nemelex_dance_club_becter
Abyss:1:  evilmike_abyss_exit_glass

Action                   |  1- 3 |  4- 6 |  7- 9 || total
-------------------------+-------+-------+-------++-------
Melee: Dagger            |    71 |   201 |    16 ||   288
       Short sword       |     3 |       |       ||     3
       Rapier            |       |       |    38 ||    38
Invok: Banish            |       |       |     1 ||     1
  Use: Scroll            |       |    13 |     5 ||    18
       Potion            |       |     2 |     1 ||     3
 Stab: Sleeping          |     8 |    17 |     3 ||    28
       Distracted        |       |       |     1 ||     1
  Eat: Chunk             |     2 |    10 |       ||    12
       Fruit             |       |     1 |     1 ||     2
       Meat ration       |       |       |     1 ||     1
